 Dungeon Sprint DCSS version 0.15-a0-2293-g46567fe (webtiles) character file.

385045 BluebellGnoll the Talismancer (level 19, 206/206 HPs)
             Began as a Deep Dwarf Artificer on July 27, 2014.
             Was the Champion of Makhleb.
             Escaped with the Orb!
             The game lasted 02:59:34 (4767 turns).

BluebellGnoll the Talismancer (DDAr)                Turns: 4767, Time: 02:59:35

HP 206/206       AC 41     Str 16      XL: 19   Next: 50%
MP  15/15        EV 10     Int 16 (22) God: Makhleb [******]
Gold 2842        SH 32     Dex 21      Spells:  1 memorised, 12 levels left

rFire  + + +     SeeInvis .     Z - +8 war axe (chop)
rCold  + + +     Clarity  .     X - +8 gold dragon armour
rNeg   + + +     rCorr    .     J - +6 large shield "Ruiddi Ryum" {Int+3}
rPois  +         rRot     .     C - +1 helmet "Zeli Cre" {+Fly rN+}
rElec  +         Spirit   .     G - +2 cloak of Olukk {rPois rN+ Stlth+}
SustAb .         Warding  .     A - +2 pair of gloves of Jyukyit {rElec Slay+4}
rMut   +         NoTele   +     x - +1 pair of boots of the Hidden Vale {rF+}
Gourm  .                        s - amulet of the Moon {rMut Dex+2}
MR     ++++.                    e - ring "Ivoos" {+Inv rElec rPois rF+ Int+2 Slay+4}
                                E - ring "Yshrev" {rF++ rC++ MR++ AC+2 Int+3}

@: non-regenerating, studying Air Magic, incredibly resistant to hostile
enchantments, extremely unstealthy
A: damage resistance, recharge devices, blurry vision 1, deformed body, negative
energy resistance 1, sense surroundings 3, slow healing 3, placid magic 1
a: Device Recharging, Minor Destruction, Lesser Servant of Makhleb, Major
Destruction, Greater Servant of Makhleb, Renounce Religion, Evoke Invisibility,
Evoke Flight
0: Orb of Zot
}: 5/15 runes: decaying, barnacled, slimy, silver, mossy


You escaped.
You worshipped Makhleb.
Makhleb was exalted by your worship.
You were very full.

You visited 1 branch You collected 15690 gold pieces.
You spent 12848 gold pieces at shops.

Inventory:

Hand weapons
 r - a +8 broad axe of freezing
 Z - a +8 war axe of chopping (weapon)
Armour
 x - the +1 pair of boots of the Hidden Vale (worn) {rF+}
   (You bought it in a shop in the Dungeon)

   It protects you from fire.
 A - the +2 pair of gloves of Jyukyit (worn) {rElec Slay+4}
   (You bought it in a shop in the Dungeon)

   It affects your accuracy and damage with ranged weapons and melee attacks
   (+4).
   It insulates you from electricity.
 C - the +1 helmet "Zeli Cre" (worn) {+Fly rN+}
   (You bought it in a shop in the Dungeon)

   It protects you from negative energy.
   It lets you fly.
 G - the cursed +2 cloak of Olukk (worn) {rPois rN+ Stlth+}
   (You bought it in a shop in the Dungeon)

   It protects you from poison.
   It protects you from negative energy.
   It makes you more stealthy.
   It has a curse placed upon it.
 J - the +6 large shield "Ruiddi Ryum" (worn) {Int+3}
   (You bought it in a shop in the Dungeon)

   It affects your intelligence (+3).
 X - a +8 gold dragon armour (worn)
Magical devices
 b - a wand of flame (2)
 c - a wand of enslavement (11)
 d - a wand of random effects (3)
 f - a wand of heal wounds (3)
 n - a wand of cold (3)
 o - a wand of fire (6)
 Q - a wand of lightning (6)
 R - a wand of polymorph (9)
Comestibles
 g - a bread ration
Scrolls
 m - 7 scrolls of blinking
 p - 6 scrolls of fog
 w - 3 scrolls of silence
 F - 6 scrolls of recharging
 K - a scroll of identify
Jewellery
 e - the ring "Ivoos" (right hand) {+Inv rElec rPois rF+ Int+2 Slay+4}
   (You bought it in a shop in the Dungeon)

   [ring of intelligence]

   It affects your intelligence (+2).
   It affects your accuracy and damage with ranged weapons and melee attacks
   (+4).
   It protects you from fire.
   It insulates you from electricity.
   It protects you from poison.
   It lets you turn invisible.
 i - the ring of Gozag's Esteem {Dex+3 Int+3 Slay+5}
   (You bought it in a shop in the Dungeon)

   [ring of slaying]

   It affects your intelligence (+3).
   It affects your dexterity (+3).
   It affects your accuracy and damage with ranged weapons and melee attacks
   (+5).
 s - the amulet of the Moon (around neck) {rMut Dex+2}
   (You bought it in a shop in the Dungeon)

   [amulet of resist mutation]

   It protects you from mutation.
   It affects your dexterity (+2).
 v - the ring of Winter {Dex+3 SInv}
   (You bought it in a shop in the Dungeon)

   [ring of see invisible]

   It affects your dexterity (+3).
   It enhances your eyesight.
 E - the ring "Yshrev" (left hand) {rF++ rC++ MR++ AC+2 Int+3}
   (You found it in the Dungeon)

   [ring of protection]

   It affects your AC (+2).
   It affects your intelligence (+3).
   It greatly protects you from fire.
   It greatly protects you from cold.
   It affects your resistance to hostile enchantments.
 I - the ring "Skec" {rF+ rN+ Dex+3}
   (You bought it in a shop in the Dungeon)

   [ring of positive energy]

   It affects your dexterity (+3).
   It protects you from fire.
   It protects you from negative energy.
 L - the amulet of Makhleb's Pride {Clar Int+2 Slay-5}
   (You bought it in a shop in the Dungeon)

   [amulet of clarity]

   It provides mental clarity.
   It affects your intelligence (+2).
   It affects your accuracy and damage with ranged weapons and melee attacks
   (-5).
 N - an uncursed amulet of the gourmand
 O - the amulet of Bodily Harmony {Ward rC+ rN+}
   (You bought it in a shop in the Dungeon)

   [amulet of warding]

   It may prevent the melee attacks of summoned creatures.
   It protects you from cold.
   It protects you from negative energy.
Potions
 h - 4 potions of curing
 j - 2 potions of haste
 k - 2 potions of magic
 l - a potion of berserk rage
 u - 6 potions of might
 z - 9 potions of restore abilities
 D - 5 potions of heal wounds
Books
 y - a manual of Air Magic
 M - a book of Enchantments

   Spells                             Type                      Level
   Tukima's Dance                     Hexes                        3
   Cause Fear                         Hexes                        4
   Silence                            Hexes/Air                    5
   *Deflect Missiles                  Charms/Air                   6
   Haste                              Charms                       6
   Discord                            Hexes                        8
Miscellaneous
 t - a quad damage
Rods
 a - a +9 lightning rod (17/17)
   (You bought it in a shop in the Dungeon)


   Skills:
 - Level 21.1 Fighting
   Level 0.8 Short Blades
 - Level 23.6 Axes
   Level 4.2 Crossbows
 - Level 4.1 Throwing
 - Level 21.1 Armour
 + Level 18.7 Dodging
 - Level 8.3 Stealth
 O Level 27 Shields
 - Level 6.1 Charms
 - Level 6.7 Air Magic
 - Level 11.8 Invocations
 O Level 27 Evocations


You had 12 spell levels left.
You knew the following spells:

 Your Spells              Type           Power        Failure   Level  Hunger
a - Deflect Missiles      Chrm/Air       ##........   100%        6    #######


Dungeon Overview and Level Annotations

Branches:
Dungeon (1/1)

Altars:
Cheibriados
Dithmenos
Elyvilon
Fedhas
Gozag
Kikubaaqudgha
Makhleb
Nemelex Xobeh
Okawaru
Qazlal
Sif Muna
Trog
Vehumet
Xom
Yredelemnul
Zin
The Shining One
Jiyva
Lugonu

Shops:
D [%??*?*:[((!!!!


Innate Abilities, Weirdness & Mutations

You are resistant to damage.
You can recharge devices by infusing magical energy.
You resist negative energy.
You passively map a large area around you.
You do not heal naturally.
Your vision is a little blurry.
Armour fits poorly on your strangely shaped body.
Your spells are a little easier to cast, but a little less powerful.


Message History

The hellion disappears in a puff of smoke!
Your Dodging skill increases to level 18!
No target in view!
You now have 2842 gold pieces (gained 540).
Unknown command.
You see here an arrow.
Things that are here:
a giant club; a giant spiked club
Things that are here:
3 arrows; a morningstar
There is a staircase leading out of the dungeon, spattered with blood here.
Things that are here:
the Orb of Zot; a robe
Okay, then.
Unknown command.
Unknown command.
You pick up the Orb of Zot!
The orb lets out a hideous shriek!
The lords of Pandemonium are not amused.
Beware!
Now all you have to do is get back out of the dungeon!
You have escaped!

#_......._# ###.[....)..###
#⌠[.[.[....[.⌠#
######.8.[..)().(8.######
##∩_[_....(.###%......__∩##
###=....)...8.# #(8).(.....∩###
##..=(.....)...###()..(........##
#⌠.......(..###(((###).........⌠#
#⌠..[[..((.(###[@.###..........⌠#
#⌠.......()((..(((.##.)........⌠#
##........((...###.[...........##
###∩.......)..###.8[.......∩###
##∩___......##..(....___∩##
######(............######
#⌠...........[# ###.).[.....###
#...)(..._#


There were no monsters in sight!

Vanquished Creatures
  Mara (D)
  An orb of fire (D)
  An ancient lich (D)
  Agnes (D)
  A Killer Klown (D)
  2 electric golems (D)
  5 azure jellies (D)
  A tentacled monstrosity (D)
  8 Orb Guardians (D)
  Ilsuiw (D)
  8 titans (D)
  5 acid blobs (D)
  A storm dragon (D)
  A sphinx (D)
  An Executioner (D)
  4 shadow dragons (D)
  5 fire giants (D)
  5 frost giants (D)
  A balrug (D)
  4 stone giants (D)
  2 vault guards (D)
  A fire dragon (D)
  5 great orbs of eyes (D)
  An ironheart preserver (D)
  A hydra (D)
  5 centaur warriors (D)
  A shambling mangrove (D)
  An ice dragon (D)
  A merfolk aquamancer (D)
  A death yak (D)
  A spriggan berserker (D)
  2 orc high priests (D)
  An ice devil (D)
  19 fire crabs (D)
  4 iron trolls (D)
  2 sea snakes (D)
  A ball lightning (D)
  A spriggan druid (D)
  3 swamp dragons (D)
  17 orb spiders (D)
  3 orc knights (D)
  A deep elf conjurer (D)
  2 shining eyes (D)
  2 orc sorcerers (D)
  A mana viper (D)
  A griffon (D)
  2 red wasps (D)
  2 wolf spiders (D)
  3 spiny frogs (D)
  2 black mambas (D)
  A dryad (D)
  A komodo dragon (D)
  3 fire drakes (D)
  A deep elf priest (D)
  2 golden dragon simulacra (D)
  A bog body (D)
  A stone giant simulacrum (D)
  3 two-headed ogres (D)
  A slime creature (D)
  A snapping turtle (D)
  A tarantella (D)
  2 water elementals (D)
  2 vampire mosquitoes (D)
  Eustachio (D)
  2 trapdoor spiders (D)
  15 neqoxecs (D)
  A golden eye (D)
  4 deep elf fighters (D)
  2 hydra simulacra (D)
  A mottled dragon (D)
  A water moccasin (D)
  5 nagas (D)
  3 swamp drakes (D)
  6 centaurs (D)
  4 ogres (D)
  9 brain worms (D)
  An earth elemental (D)
  A scorpion (D)
  An iron imp (D)
  4 quasits (D)
  A spriggan simulacrum (D)
  A green rat (D)
  A shadow imp (D)
  3 white imps (D)
  A giant gecko (D)
  2 orcs (D)
  2 hobgoblins (D)
  A bat (D)
  A goblin (D)
  A hobgoblin skeleton (D)
  A fungus (D)
242 creatures vanquished.

Vanquished Creatures (collateral kills)
  4 Orb Guardians (D)
  A storm dragon (D)
  A blizzard demon (D)
  An ice dragon (D)
  4 orb spiders (D)
  A vault sentinel (D)
  An iron devil (D)
13 creatures vanquished.

Vanquished Creatures (others)
  3 Executioners (D)
  A balrug (D)
  A cacodemon (D)
  A blizzard demon (D)
  2 green deaths (D)
  A wizard (D)
  23 ball lightnings (D)
  An orb spider (D)
33 creatures vanquished.

Grand Total: 288 creatures vanquished

Notes
Turn   | Place    | Note
--------------------------------------------------------------
     0 | D        | BluebellGnoll, the Deep Dwarf Artificer, began the quest for the Orb.
     0 | D        | Reached XP level 1. HP: 16/16 MP: 1/1
     1 | D        | Found a deep blue altar of Sif Muna.
     1 | D        | Found a shimmering altar of Xom.
     2 | D        | Found a glowing golden altar of the Shining One.
     2 | D        | Found a snail-covered altar of Cheibriados.
     3 | D        | Found a bloodstained altar of Trog.
     4 | D        | Found Skirpho's Bottled Wisdom.
     4 | D        | Found Ahousmu's Do-It-Yourself Clinic.
     4 | D        | Found an opulent altar of Gozag.
     5 | D        | Found Buomuog's Distillery.
     5 | D        | Found a white marble altar of Elyvilon.
     5 | D        | Found Unoh's Distillery.
     5 | D        | Round 1.
     7 | D        | Found Puxoxtu's Weapon Rack.
     8 | D        | Found Rolug's Basic Armour.
     9 | D        | Found an iron altar of Okawaru.
     9 | D        | Found a glowing silver altar of Zin.
    10 | D        | Found Jinumut's Premium Goods.
    10 | D        | Found Inwalal's Miscellaneous Merchandise.
    11 | D        | Found a corrupted altar of Lugonu.
    12 | D        | Found a stormy altar of Qazlal.
    13 | D        | Found a burning altar of Makhleb.
    14 | D        | Found Sitas Igg's Identification Station.
    15 | D        | Found Crarr's Advanced Armour.
    15 | D        | Found a blossoming altar of Fedhas.
    16 | D        | Found an ancient bone altar of Kikubaaqudgha.
    17 | D        | Found Itruurph's Jewellery.
    17 | D        | Found Bregiw's Bee Food.
    22 | D        | Became a worshipper of Makhleb the Destroyer
    37 | D        | Bought a +0 broad axe for 120 gold pieces
    50 | D        | Found a basalt altar of Yredelemnul.
    55 | D        | Bought a sparkling ruby amulet for 45 gold pieces
    56 | D        | Identified the amulet of the Moon {rMut Dex+2} (You bought it in a shop in the Dungeon)
    74 | D        | Acquired Makhleb's first power
    75 | D        | Found a viscous altar of Jiyva.
    76 | D        | Found Oroamm's Magic Scroll Shop.
    77 | D        | Found Thouja's Magic Scroll Shop.
    78 | D        | Found a shadowy altar of Dithmenos.
    78 | D        | Found a radiant altar of Vehumet.
    78 | D        | Found a sparkling altar of Nemelex Xobeh.
    79 | D        | Found Asomuon's Staff Store.
    79 | D        | Found Anwum's Must-Have Magic.
   102 | D        | Acquired Makhleb's second power
   116 | D        | Noticed a scorpion
   118 | D        | Killed a scorpion
   118 | D        | Arena points: 12 (+12) [x2]
   118 | D        | Reached skill level 5 in Axes
   118 | D        | Reached skill level 5 in Invocations
   118 | D        | Reached XP level 2. HP: 24/24 MP: 2/4
   118 | D        | Reached XP level 3. HP: 30/30 MP: 3/6
   137 | D        | Bought a smoking wooden ring for 45 gold pieces
   138 | D        | Identified the ring "Emut" {rElec rPois rC- MR+} (You bought it in a shop in the Dungeon)
   154 | D        | Round 2.
   179 | D        | Acquired Makhleb's third power
   179 | D        | Reached skill level 6 in Axes
   182 | D        | Reached skill level 7 in Invocations
   182 | D        | Reached XP level 4. HP: 37/37 MP: 7/10
   214 | D        | Noticed Eustachio
   220 | D        | Killed Eustachio
   220 | D        | Reached skill level 5 in Fighting
   220 | D        | Reached XP level 5. HP: 41/52 MP: 12/12
   271 | D        | Reached skill level 5 in Evocations
   271 | D        | Acquired Makhleb's fourth power
   271 | D        | Reached XP level 6. HP: 57/61 MP: 14/14
   276 | D        | Arena points: 54 (+42) [x3]
   294 | D        | Bought a slimy lead ring for 45 gold pieces
   295 | D        | Identified the ring "Ivoos" {+Inv rElec rPois rF+ Int+2 Slay+4} (You bought it in a shop in the Dungeon)
   317 | D        | Round 3.
   328 | D        | Noticed a deep elf fighter
   334 | D        | Killed a deep elf fighter
   334 | D        | Reached skill level 8 in Axes
   334 | D        | Reached skill level 9 in Evocations
   360 | D        | Noticed a deep elf fighter
   361 | D        | Killed a deep elf fighter
   361 | D        | Acquired Makhleb's fifth power
   361 | D        | Reached skill level 5 in Armour
   361 | D        | Reached XP level 7. HP: 67/67 MP: 15/15
   362 | D        | Noticed a deep elf priest
   364 | D        | Noticed a deep elf conjurer
   365 | D        | Noticed a deep elf fighter
   368 | D        | Killed a deep elf priest
   368 | D        | Reached skill level 11 in Evocations
   377 | D        | Killed a deep elf fighter
   377 | D        | Reached skill level 12 in Evocations
   382 | D        | Killed a deep elf conjurer
   382 | D        | Reached skill level 10 in Dodging
   382 | D        | Reached skill level 14 in Evocations
   382 | D        | Reached XP level 8. HP: 74/74 MP: 17/20
   406 | D        | Arena points: 138 (+84) [x4]
   446 | D        | Bought a brightly glowing brass ring for 45 gold pieces
   448 | D        | Identified the ring of Winter {Dex+3 SInv} (You bought it in a shop in the Dungeon)
   471 | D        | Round 4.
   483 | D        | Noticed a two-headed ogre
   483 | D        | Noticed a two-headed ogre
   483 | D        | Noticed a two-headed ogre
   501 | D        | a two-headed ogre (ally) was killed
   504 | D        | Killed a two-headed ogre
   504 | D        | Reached skill level 1 in Shields
   504 | D        | Reached skill level 15 in Evocations
   505 | D        | Killed a two-headed ogre
   505 | D        | Reached skill level 16 in Evocations
   505 | D        | Arena points: 298 (+160) [x5]
   505 | D        | Gained mutation: You passively map the area around you. [level up]
   505 | D        | Reached XP level 9. HP: 81/81 MP: 19/21
   535 | D        | Bought 3 scrolls of identify for 150 gold pieces
   546 | D        | Round 5.
   581 | D        | Noticed a witch
   590 | D        | Noticed an alligator
   601 | D        | Killed a witch
   601 | D        | Arena points: 578 (+280) [x7]
   601 | D        | Reached skill level 5 in Shields
   601 | D        | Reached skill level 17 in Evocations
   602 | D        | Got a decaying rune of Zot
   604 | D        | Reached XP level 10. HP: 88/88 MP: 22/24
   618 | D        | Bought a pair of shimmering boots for 332 gold pieces
   619 | D        | Identified the +1 pair of boots of the Hidden Vale {rF+} (You bought it in a shop in the Dungeon)
   795 | D        | Round 6.
   850 | D        | Reached skill level 10 in Invocations
   878 | D        | Noticed a swamp dragon
   896 | D        | Killed a swamp dragon
   896 | D        | Reached skill level 10 in Axes
   911 | D        | Arena points: 1010 (+432) [x8]
   932 | D        | Bought a pair of ancient gloves for 332 gold pieces
   933 | D        | Identified the cursed -2 pair of gloves of Klaynyje {Dex+4 Curse} (You bought it in a shop in the Dungeon)
   964 | D        | Round 7.
   969 | D        | Noticed an orb spider
   971 | D        | Killed an orb spider
   971 | D        | Reached XP level 11. HP: 99/106 MP: 22/22
   996 | D        | Noticed an orb spider
  1000 | D        | Killed an orb spider
  1021 | D        | Reached skill level 10 in Fighting
  1043 | D        | Noticed an orb spider
  1045 | D        | Killed an orb spider
  1052 | D        | Reached skill level 18 in Evocations
  1073 | D        | Arena points: 1640 (+630) [x9]
  1091 | D        | Bought a pair of jewelled gloves for 332 gold pieces
  1092 | D        | Identified the +2 pair of gloves of Jyukyit {rElec Slay+4} (You bought it in a shop in the Dungeon)
  1135 | D        | Round 8.
  1161 | D        | Arena points: 2440 (+800) [x10]
  1218 | D        | Round 9.
  1280 | D        | Reached skill level 19 in Evocations
  1329 | D        | Arena points: 3331 (+891) [x11]
  1342 | D        | Bought a +0 lightning rod (9/9) for 490 gold pieces
  1380 | D        | Round 10.
  1406 | D        | Noticed Ilsuiw
  1409 | D        | Noticed a sea snake
  1416 | D        | Killed a sea snake
  1416 | D        | Reached skill level 10 in Armour
  1420 | D        | Noticed a sea snake
  1427 | D        | Killed a sea snake
  1427 | D        | Reached skill level 15 in Axes
  1427 | D        | Reached skill level 20 in Evocations
  1433 | D        | Noticed a sea snake
  1440 | D        | Killed Ilsuiw
  1440 | D        | Arena points: 4501 (+1170) [x13]
  1440 | D        | Reached XP level 12. HP: 54/116 MP: 23/23
  1441 | D        | Got a barnacled rune of Zot
  1472 | D        | Bought 3 scrolls of recharging for 285 gold pieces
  1512 | D        | Bought 3 scrolls of identify for 150 gold pieces
  1514 | D        | Bought a crude cloak for 332 gold pieces
  1515 | D        | Identified the cursed +2 cloak of Olukk {rPois rN+ Stlth+} (You bought it in a shop in the Dungeon)
  1522 | D        | Reached XP level 13. HP: 97/123 MP: 20/20
  1548 | D        | Bought 4 potions of curing for 80 gold pieces
  1613 | D        | Round 11.
  1652 | D        | Reached skill level 21 in Evocations
  1725 | D        | Reached skill level 22 in Evocations
  1737 | D        | Arena points: 6349 (+1848) [x14]
  1747 | D        | Bought a dazzling helmet for 332 gold pieces
  1748 | D        | Identified the +1 helmet "Zeli Cre" {+Fly rN+} (You bought it in a shop in the Dungeon)
  1761 | D        | Bought a glittering copper ring for 45 gold pieces
  1763 | D        | Identified the ring of Jabrual {rC++ AC+2} (You bought it in a shop in the Dungeon)
  1799 | D        | Round 12.
  1854 | D        | Arena points: 7069 (+720) [x15]
  1864 | D        | Round 13.
  1908 | D        | Reached skill level 23 in Evocations
  2029 | D        | Reached skill level 24 in Evocations
  2038 | D        | Arena points: 9565 (+2496) [x16]
  2054 | D        | Round 14.
  2055 | D        | Bought a faintly humming large shield for 332 gold pieces
  2067 | D        | Identified the +6 large shield "Ruiddi Ryum" {Int+3} (You bought it in a shop in the Dungeon)
  2068 | D        | Bought 3 scrolls of identify for 150 gold pieces
  2163 | D        | Bought a book of Enchantments for 350 gold pieces
  2171 | D        | Learned a level 6 spell: Deflect Missiles
  2197 | D        | Arena points: 12421 (+2856) [x17]
  2214 | D        | Bought a brightly glowing marble ring for 45 gold pieces
  2214 | D        | Bought an ancient amethyst amulet for 45 gold pieces
  2216 | D        | Identified the ring "Vemoje" {Str+4 Int+3} (You bought it in a shop in the Dungeon)
  2221 | D        | Identified the amulet of Bodily Harmony {Ward rC+ rN+} (You bought it in a shop in the Dungeon)
  2236 | D        | Bought a scroll of brand weapon for 200 gold pieces
  2238 | D        | Bought 8 scrolls of enchant weapon for 600 gold pieces
  2251 | D        | Bought 3 scrolls of silence for 225 gold pieces
  2251 | D        | Bought 3 scrolls of fog for 60 gold pieces
  2262 | D        | Round 15.
  2270 | D        | Reached skill level 1 in Air Magic
  2286 | D        | Noticed Agnes
  2303 | D        | Noticed a dire elephant
  2308 | D        | Killed Agnes
  2308 | D        | Arena points: 15556 (+3135) [x19]
  2309 | D        | Got a mossy rune of Zot
  2359 | D        | Bought 10 potions of restore abilities for 300 gold pieces
  2408 | D        | Bought a smoking leather armour for 245 gold pieces
  2409 | D        | Identified the cursed -1 leather armour "Moimp" {Str-1 Int+3} (You bought it in a shop in the Dungeon)
  2411 | D        | Bought a brightly glowing animal skin for 185 gold pieces
  2412 | D        | Identified the cursed +1 animal skin of Impermeability {+Inv rPois Int+2 Slay+4} (You bought it in a shop in the Dungeon)
  2413 | D        | Gained mutation: You resist negative energy. [level up]
  2413 | D        | Reached XP level 14. HP: 102/135 MP: 19/19
  2502 | D        | Round 16.
  2549 | D        | Reached skill level 5 in Charms
  2638 | D        | Reached skill level 25 in Evocations
  2662 | D        | Reached skill level 26 in Evocations
  2670 | D        | Arena points: 20676 (+5120) [x20]
  2688 | D        | Round 17.
  2688 | D        | Noticed a storm dragon
  2689 | D        | Noticed a shadow dragon
  2691 | D        | Noticed a storm dragon
  2709 | D        | Noticed a shadow dragon
  2710 | D        | Noticed a shadow dragon
  2711 | D        | Noticed a storm dragon
  2712 | D        | Noticed a shadow dragon
  2724 | D        | Killed a shadow dragon
  2724 | D        | Reached skill level 27 in Evocations
  2724 | D        | Reached XP level 15. HP: 142/142 MP: 17/17
  2738 | D        | Killed a shadow dragon
  2739 | D        | Killed a shadow dragon
  2748 | D        | Killed a storm dragon
  2749 | D        | Killed a shadow dragon
  2755 | D        | Reached skill level 15 in Shields
  2758 | D        | Arena points: 23532 (+2856) [x21]
  2773 | D        | Round 18.
  2834 | D        | Arena points: 28284 (+4752) [x22]
  2849 | D        | Round 19.
  2857 | D        | Bought 3 scrolls of recharging for 285 gold pieces
  2859 | D        | Bought a scroll of brand weapon for 200 gold pieces
  2897 | D        | Bought 8 scrolls of enchant weapon for 600 gold pieces
  2930 | D        | Bought a +0 gold dragon armour for 960 gold pieces
  2960 | D        | Bought 4 scrolls of enchant armour for 300 gold pieces
  2960 | D        | Bought 4 scrolls of enchant armour for 300 gold pieces
  3017 | D        | Arena points: 34402 (+6118) [x23]
  3039 | D        | Round 20.
  3042 | D        | Noticed a sphinx
  3049 | D        | Killed a sphinx
  3076 | D        | Noticed Mara
  3088 | D        | Noticed BluebellGnoll's illusion
  3092 | D        | Killed an Executioner
  3178 | D        | Killed Mara
  3178 | D        | Arena points: 40902 (+6500) [x25]
  3179 | D        | Got a fine silver ring
  3179 | D        | Got a silver rune of Zot
  3229 | D        | Bought 3 potions of heal wounds for 90 gold pieces
  3229 | D        | Bought 3 potions of heal wounds for 90 gold pieces
  3232 | D        | Reached XP level 16. HP: 113/150 MP: 13/13
  3234 | D        | Identified the ring "Yshrev" {rF++ rC++ MR++ AC+2 Int+3} (You found it in the Dungeon)
  3251 | D        | Bought 6 potions of might for 150 gold pieces
  3271 | D        | Bought 3 scrolls of recharging for 285 gold pieces
  3271 | D        | Bought 3 scrolls of recharging for 285 gold pieces
  3271 | D        | Bought 3 scrolls of recharging for 285 gold pieces
  3272 | D        | Bought 5 scrolls of blinking for 375 gold pieces
  3295 | D        | Bought 3 scrolls of identify for 150 gold pieces
  3295 | D        | Bought 3 scrolls of identify for 150 gold pieces
  3305 | D        | Bought a flickering pewter ring for 45 gold pieces
  3305 | D        | Bought a steaming emerald amulet for 45 gold pieces
  3306 | D        | Identified the amulet "Deusoc" {Ward rN+ Str+2 Int+2} (You bought it in a shop in the Dungeon)
  3309 | D        | Identified the ring of Fienesk {Int+3 Slay+4} (You bought it in a shop in the Dungeon)
  3368 | D        | Round 21.
  3369 | D        | Gained mutation: Armour fits poorly on your strangely shaped body. [a neqoxec]
  3449 | D        | Gained mutation: Your spells are a little easier to cast, but a little less powerful. [a neqoxec]
  3450 | D        | Reached skill level 15 in Armour
  3520 | D        | Arena points: 49638 (+8736) [x26]
  3536 | D        | Bought a quad damage for 400 gold pieces
  3549 | D        | Bought a dazzling shield for 332 gold pieces
  3550 | D        | Identified the cursed -5 shield of Clegoysa {Str+2 Int+1} (You bought it in a shop in the Dungeon)
  3569 | D        | Round 22.
  3578 | D        | Noticed an acid blob
  3583 | D        | Killed an acid blob
  3593 | D        | Noticed an acid blob
  3602 | D        | Killed an acid blob
  3655 | D        | Gained mutation: Your vision is a little blurry. [a shining eye]
  3683 | D        | Noticed an acid blob
  3690 | D        | Noticed an acid blob
  3695 | D        | Killed an acid blob
  3695 | D        | Reached skill level 15 in Fighting
  3706 | D        | Killed an acid blob
  3759 | D        | Arena points: 60924 (+11286) [x27]
  3759 | D        | Reached XP level 17. HP: 175/175 MP: 14/14
  3771 | D        | Bought a flickering emerald amulet for 45 gold pieces
  3772 | D        | Identified the amulet "Cyvaipig" {+Rage rF- MR+} (You bought it in a shop in the Dungeon)
  3774 | D        | Round 23.
  3942 | D        | Arena points: 73804 (+12880) [x28]
  3969 | D        | Bought a pair of bloodstained boots for 332 gold pieces
  3970 | D        | Identified the +1 pair of boots of Grarhang {Str-3} (You bought it in a shop in the Dungeon)
  3978 | D        | Bought a vibrating silver amulet for 45 gold pieces
  3979 | D        | Identified the amulet of Makhleb's Pride {Clar Int+2 Slay-5} (You bought it in a shop in the Dungeon)
  3985 | D        | Round 24.
  4024 | D        | Bought an uncursed amulet of the gourmand for 450 gold pieces
  4159 | D        | Arena points: 74284 (+480) [x1]
  4174 | D        | Round 25.
  4199 | D        | Arena points: 75409 (+1125) [x3]
  4200 | D        | Got a slimy rune of Zot
  4305 | D        | Gained mutation: You passively map a large area around you. [level up]
  4305 | D        | Reached XP level 18. HP: 134/199 MP: 15/15
  4340 | D        | Bought a wavering turquoise ring for 45 gold pieces
  4342 | D        | Identified the ring of Gozag's Esteem {Dex+3 Int+3 Slay+5} (You bought it in a shop in the Dungeon)
  4344 | D        | Bought an ancient bone ring for 45 gold pieces
  4346 | D        | Identified the ring "Friusch" {MR+ Stlth--} (You bought it in a shop in the Dungeon)
  4350 | D        | Bought a transparent jade ring for 45 gold pieces
  4352 | D        | Identified the ring "Skec" {rF+ rN+ Dex+3} (You bought it in a shop in the Dungeon)
  4356 | D        | Bought a twitching silver ring for 45 gold pieces
  4358 | D        | Identified the ring "Reirr" {+Fly Int+3 Stlth-} (You bought it in a shop in the Dungeon)
  4362 | D        | Bought an ancient steel ring for 45 gold pieces
  4362 | D        | Bought a glittering lead ring for 45 gold pieces
  4364 | D        | Identified the ring of Tuepeore {+Inv Dex+2 Int+4} (You bought it in a shop in the Dungeon)
  4366 | D        | Identified the ring "Shregimp" {rPois rF+ Str+2} (You bought it in a shop in the Dungeon)
  4377 | D        | Bought a faintly glowing cloak for 332 gold pieces
  4379 | D        | Bought 3 scrolls of identify for 150 gold pieces
  4380 | D        | Identified the cursed -3 cloak of Rubiv {MR+} (You bought it in a shop in the Dungeon)
  4396 | D        | Upgraded the game from 0.15-a0-2265-gb33f7a6 to 0.15-a0-2293-g46567fe
  4412 | D        | Round 26.
  4554 | D        | Reached skill level 15 in Dodging
  4592 | D        | Arena points: 75929 (+520) [x1]
  4607 | D        | Round 27.
  4621 | D        | Noticed an orb of fire
  4624 | D        | Noticed a Killer Klown
  4641 | D        | Killed an orb of fire
  4641 | D        | Reached XP level 19. HP: 113/206 MP: 6/15
  4641 | D        | Killed a Killer Klown
  4642 | D        | Noticed an electric golem
  4662 | D        | Killed an electric golem
  4713 | D        | Noticed an electric golem
  4729 | D        | Killed an electric golem
  4744 | D        | Noticed an ancient lich
  4746 | D        | Reached skill level 27 in Shields
  4754 | D        | Killed an ancient lich
  4754 | D        | Arena points: 77009 (+1080) [x2]
  4765 | D        | Got the Orb of Zot
  4767 | D        | Escaped with the Orb!

Action                   |  1- 3 |  4- 6 |  7- 9 | 10-12 | 13-15 | 16-18 | 19-21 || total
-------------------------+-------+-------+-------+-------+-------+-------+-------++-------
Melee: Broad axe         |       |     3 |    26 |    63 |    95 |   122 |       ||   309
       Rod               |       |       |       |     5 |    42 |    25 |       ||    72
       War axe           |       |       |       |       |    20 |   162 |    67 ||   249
Throw: Throwing net      |       |       |       |       |     2 |     1 |       ||     3
Invok: Major Destruction |       |       |       |     8 |     2 |       |       ||    10
       Greater Servant o |       |       |       |     1 |     9 |     1 |     2 ||    13
 Abil: Device Recharging |       |     3 |     1 |     8 |    13 |       |       ||    25
       Evoke Invisibilit |       |       |       |       |     3 |       |       ||     3
Evoke: Wand              |     8 |    28 |    19 |    47 |    80 |    22 |       ||   204
       Rod               |       |       |       |     3 |    48 |    35 |       ||    86
  Use: Potion            |       |       |     1 |     1 |    10 |     2 |     1 ||    15
       Scroll            |       |       |       |     7 |    36 |    11 |       ||    54
 Stab: Confused          |       |       |     1 |       |     2 |       |       ||     3
       Invisible         |       |       |       |       |     5 |       |       ||     5
       Distracted        |       |       |       |       |     6 |       |     5 ||    11
  Eat: Chunk             |       |       |       |     3 |    10 |    19 |       ||    32
